 Dungeon Crawl Stone Soup version 0.31.0-9-g3a7656b989 (webtiles) character file.

Game seed: 7132337359391872280

373 qw the Skirmisher (level 6, 0/35 HPs)
             Began as a Deep Elf Hunter on Feb 2, 2024.
             Slain by an iguana (10 damage)
             ... on level 5 of the Dungeon.
             The game lasted 00:00:13 (3463 turns).

qw the Skirmisher (Deep Elf Hunter)                 Turns: 3463, Time: 00:00:14

Health: 0/35       AC:  7    Str: 10    XL:     6   Next: 43%
Magic:  8/8        EV: 11    Int: 14    God:
Gold:   179        SH:  0    Dex: 18    Spells: 5/5 levels left

rFire   + . .        a - +0 shortbow
rCold   . . .        (shield currently unavailable)
rNeg    . . .        l - +0 ring mail
rPois   .            c - +0 helmet
rElec   .            e - +0 cloak
rCorr   .            (no gloves)
SInv    .            (no boots)
Will    .....        b - amulet of regeneration
Stlth   +            d - ring of protection from fire
HPRegen 1.05/turn    (no ring)
MPRegen 0.11/turn

%: no passive effects
@: no status effects
A: no striking features
a: no special abilities


You were on level 5 of the Dungeon.
You visited 2 branches of the dungeon, and saw 6 of its levels.

You collected 179 gold pieces.


   Skills:
 - Level 2.0 Fighting
 + Level 9.6 Ranged Weapons
 - Level 1.4 Armour
 - Level 2.4 Dodging
 - Level 1.2 Stealth


You had 5 spell levels left.
You didn't know any spells.
Your spell library was empty.

Inventory:

Hand Weapons
 a - a +0 shortbow (weapon)
Armour
 c - a +0 helmet (worn)
 e - a +0 cloak (worn)
 l - a +0 ring mail (worn)
Jewellery
 b - an amulet of regeneration (around neck)
 d - a ring of protection from fire (left hand)
 h - a ring of flight
Scrolls
 f - a scroll of identify
Potions
 g - a potion of haste
 j - a potion of enlightenment {unknown}
 n - 2 potions of curing {unknown}

Dungeon Overview and Level Annotations

Branches:
Dungeon (5/15)             Temple (1/1) D:4

Altars:
Ashenzari
Cheibriados
Dithmenos
Elyvilon
Fedhas
Gozag
Hepliaklqana
Kikubaaqudgha
Makhleb
Qazlal
Ru
Sif Muna
Trog
Uskayaw
Vehumet
Wu Jian
Xom
The Shining One

Shops:
D:3 :

Annotations:
D:3 3 runed translucent doors, qw's ghost, amateur DEHu; qw's ghost, amateur DjHu


Message History

You kill the orc!
Items here: % ))) [.
You see here a +0 flail.
Found 3 stones.
You see here 3 stones.
Found a stone staircase leading up.
Enter note:
Enter note:
Enter note: An iguana comes into view.
You shoot an arrow. The arrow hits the iguana.
The iguana hisses angrily.
The iguana is moderately wounded.
You shoot an arrow. The arrow barely misses the iguana.
You shoot an arrow. The arrow hits the iguana.
The iguana is moderately wounded.
The iguana bites you!
You shoot an arrow.
The arrow hits the iguana but does no damage.
The iguana is moderately wounded.
The iguana bites you. The iguana barely misses you.
You shoot an arrow. The arrow barely misses the iguana.
The iguana closely misses you.
You shoot an arrow. The arrow hits the iguana.
The iguana is heavily wounded.
The iguana bites you!
You shoot an arrow.
The arrow hits the iguana but does no damage.
The iguana is heavily wounded.
The iguana bites you.
You shoot an arrow. The arrow hits the iguana.
The iguana is almost dead.
The iguana barely misses you.
You shoot an arrow.
The arrow hits the iguana but does no damage.
The iguana is almost dead.
The iguana bites you.
You shoot an arrow. The arrow barely misses the iguana.
The iguana bites you!
You die...

#.# ####.#
#....# ....#
...# ..# # #
#l###.# #. #
.#..###@#<..###
#...####
...............
........
##..###.#######
#...###. # #.#
# ##. ###(####
#.. #......#
#.# #......#
#.# . #......#
#.# ..#......#
#..


You could see an iguana.

Vanquished Creatures
  A bombardier beetle (D:5)
  A hound (D:4)
  An orc priest (D:3)
  2 iguanas (D:4)
  An orc wizard (D:5)
  6 adders
  4 gnolls (D:5)
  4 dart slugs
  4 ribbon worms (D:2)
  9 orcs
  7 ball pythons
  8 endoplasms
  3 giant cockroaches (D:2)
  5 goblins
  3 hobgoblins
  4 jackals
  7 kobolds
  2 quokkas (D:4)
  3 bats
  4 frilled lizards (D:2)
  6 rats
85 creatures vanquished.

Notes
Turn   | Place    | Note
-------+----------+-------------------------------------------
     0 | D:1      | qw the Deep Elf Hunter began the quest for the Orb.
     0 | D:1      | Reached XP level 1. HP: 12/12 MP: 3/3
     0 | D:1      | 0 ||| qw: Version: 0.3-a-155-g5e7d8dd
     0 | D:1      | 0 ||| qw: Game counter: 154
     0 | D:1      | 0 ||| qw: Melee chars always use a shield: true
     0 | D:1      | 0 ||| qw: God list: Okawaru
     0 | D:1      | 0 ||| qw: Allow faded altars: false
     0 | D:1      | 0 ||| qw: Do Orc after clearing Dungeon:15 true
     0 | D:1      | 0 ||| qw: Do second Lair branch before Depths: true
     0 | D:1      | 0 ||| qw: Lair rune preference: random
     0 | D:1      | 0 ||| qw: Goals: Normal
     0 | D:1      | 0 ||| PLANNING D:1-11
   291 | D:1      | Reached skill level 6 in Ranged Weapons
   291 | D:1      | Reached XP level 2. HP: 16/16 MP: 4/4
   683 | D:1      | 683 ||| UPGRADING to +0 scale mail.
   693 | D:1      | 693 ||| DROPPING +0 leather armour.
   694 | D:1      | 694 ||| READING scroll labelled HECLELY AJEE.
   694 | D:1      | 694 ||| IDENTIFYING 2 black potions
   695 | D:1      | 695 ||| READING scroll labelled BOENUS XIBBEADO.
   696 | D:1      | 696 ||| READING scroll labelled FOREDU UKE.
   696 | D:1      | 696 ||| ENCHANTING +0 shortbow.
   697 | D:1      | 697 ||| DROPPING scroll of butterflies.
   698 | D:1      | 698 ||| DROPPING 2 potions of brilliance.
   844 | D:2      | HP: 4/16 [ribbon worm (7)]
   850 | D:2      | HP: 2/16 [ribbon worm (1)]
   932 | D:2      | Reached XP level 3. HP: 20/20 MP: 5/5
  1218 | D:2      | Reached skill level 7 in Ranged Weapons
  1420 | D:2      | Reached XP level 4. HP: 24/25 MP: 6/6
  1553 | D:2      | 1553 ||| UPGRADING to +0 helmet.
  1558 | D:2      | 1558 ||| UPGRADING to amulet of regeneration.
  1563 | D:2      | 1563 ||| READING scroll of identify.
  1563 | D:2      | 1563 ||| IDENTIFYING murky silvery potion
  1564 | D:2      | 1564 ||| READING scroll labelled CIEGAUGGOT.
  1565 | D:2      | 1565 ||| READING scroll labelled WAUPEE HASOE.
  1567 | D:2      | 1567 ||| Stepping ~*~*~tactically~*~*~ (cloud).
  1643 | D:3      | HP: 3/25 [orc priest/divine providence (13)]
  1644 | D:3      | 1644 ||| DRINKING potion of heal wounds.
  1647 | D:3      | Reached skill level 8 in Ranged Weapons
  1715 | D:3      | Found Pephag's Vocational Training.
  1790 | D:3      | Found a faded altar of an unknown god.
  1819 | D:3      | Found a runed translucent gate.
  1819 | D:3      | Found a runed translucent gate.
  1820 | D:3      | Found a runed translucent gate.
  1966 | D:3      | Noticed qw's ghost (amateur DEHu)
  1966 | D:3      | Noticed qw's ghost (amateur DjHu)
  1969 | D:3      | 1969 ||| UPGRADING to +0 cloak.
  1974 | D:3      | 1974 ||| UPGRADING to ring of protection from fire.
  1975 | D:3      | 1975 ||| READING scroll labelled HORIDIR VEMNIG.
  2150 | D:4      | Found a staircase to the Ecumenical Temple.
  2151 | D:4      | 2151 ||| PLANNING TEMPLE
  2166 | D:4      | Reached XP level 5. HP: 24/29 MP: 7/7
  2177 | Temple   | Entered the Ecumenical Temple
  2178 | Temple   | 2178 ||| PLANNING D:1-11
  2291 | D:4      | HP: 4/29 [iguana (11)]
  2292 | D:4      | 2292 ||| DRINKING potion of heal wounds.
  2296 | D:4      | Reached skill level 1 in Armour
  2310 | D:4      | Found a shadowy altar of Dithmenos.
  2336 | D:4      | Found a bloodstained altar of Trog.
  2339 | D:4      | Found a burning altar of Makhleb.
  2341 | D:4      | Found a sacrificial altar of Ru.
  2870 | D:4      | 2870 ||| UPGRADING to +0 ring mail.
  2880 | D:4      | 2880 ||| DROPPING +0 scale mail.
  2881 | D:4      | 2881 ||| READING scroll of identify.
  2881 | D:4      | 2881 ||| IDENTIFYING fizzy emerald potion
  2882 | D:4      | 2882 ||| READING scroll labelled XASE RUCEPS.
  2886 | D:4      | 2886 ||| READING scroll labelled ASHROST LUILY.
  2887 | D:4      | 2887 ||| DRINKING 2 fuming green potions.
  2888 | D:4      | 2888 ||| DROPPING potion of attraction.
  2917 | D:5      | Entered Level 5 of the Dungeon
  3042 | D:5      | Reached skill level 9 in Ranged Weapons
  3132 | D:5      | Reached XP level 6. HP: 35/35 MP: 8/8
  3151 | D:5      | Identified the +0 trident of a sewer {elec, +Blink Int+3
                  | Dex-4}
  3460 | D:5      | HP: 7/35 [iguana (6)]
  3463 | D:5      | Slain by an iguana

Levels and vault maps discovered:
D:1:      dpeg_arrival_tiny_d, layout_loops_ring
D:2:      layout_loops_cross
D:3:      layout_rooms, shapermc_ecumenical_altar_mp_highgroup,
          gammafunk_ghost_cemetery, nicolae_shop_vocational
D:4:      layout_loops_ring, grunt_temple_overflow_open,
          minmay_temple_entry_statues_pillars, hangedman_abyss_or_decor_passed,
          chequers_serial_rivers_small_b, minmay_ruined_shrine
D:5:      minmay_octagon_keep, layout_basic
Temple:   hellmonk_temple_of_storms

Skill      XL: |  1  2  3  4  5  6 |
---------------+-------------------+-----
Ranged Weapons | 6 7 8 9 |  9.6
Armour         | 1 |  1.4
Fighting       | 2 |  2.0
Dodging        | |  2.4
Stealth        | |  1.2

Action                     |  1- 3 |  4- 6 || total
---------------------------+-------+-------++-------
   Fire: Shortbow          |   123 |   218 ||   341
    Use: Scroll            |     3 |     7 ||    10
         Potion            |       |     3 ||     3
 Armour: Scale mail        |    38 |    69 ||   107
         Ring mail         |       |    21 ||    21
  Dodge: Dodged            |    27 |    68 ||    95

Table legend:
 A = Non-vault XP
 B = Vault XP
 C = Vault XP percentage of total XP
 D = Non-vault monster count
 E = Vault monster count
 F = Vault count percentage of total count
                 A         B        C        D         E       F
            +---------+---------+-------+---------+---------+-------
      Total |     485 |      48 |   9.0 |      79 |       6 |   7.1
            +---------+---------+-------+---------+---------+-------
        D:1 |      19 |       0 |   0.0 |      10 |       0 |   0.0
        D:2 |      86 |       0 |   0.0 |      29 |       0 |   0.0
        D:3 |      72 |       0 |   0.0 |      16 |       0 |   0.0
        D:4 |     111 |      48 |  30.2 |      11 |       6 |  35.3
        D:5 |     197 |       0 |   0.0 |      13 |       0 |   0.0
            +---------+---------+-------+---------+---------+-------
